[Event "Titled Tuesday Blitz May 25 2021"]
[White "Djordjevic, Vuk"]
[Black "Karttunen, Mika"]
[WhiteFideId "902098"]
[BlackFideId "502081"]
[WhiteElo "2463"]
[BlackElo "2343"]
[Result "1-0"]
[Round "02"]
[TimeControl "180+1"]
[Date "2021.05.25"]
[WhiteClock "0:00:05"]
[BlackClock "0:00:07"]

1. d4 Nf6 2. Bg5 c5 3. Bxf6 gxf6 4. dxc5 e6 5. Nd2 Bxc5 6. Ne4 Be7 7. Nd6+ Bxd6 8. Qxd6 Qe7 9. Qd2 d5 10. Nf3 Nc6 11. e3 Bd7 12. Bd3 f5 13. O-O Rg8 14. c4 dxc4 15. Bxc4 Rg4 16. Qe2 O-O-O 17. Rfd1 Rdg8 18. g3 h5 19. Rac1 Kb8 20. Bb5 f6 21. h3 Re4 22. Kh2 h4 23. Nxh4 Ne5 24. Bxd7 Nxd7 25. Qd3 Ne5 26. Qd6+ Qxd6 27. Rxd6 Nc6 28. Ng2 Kc7 29. Rcd1 e5 30. Rxf6 f4 31. gxf4 Rb4 32. b3 Rb5 33. Rf7+ Kb6 34. Rd6 exf4 35. Nxf4 Rbg5 36. Rff6 a5 37. Rd5 Rg1 38. Rdd6 Ra1 39. a4 Ra2 40. Ng6 Rb2 41. Ne7 Rg7 42. Nxc6 bxc6 43. Rxc6+ Kb7 44. Rc4 Rxb3 45. Rg4 Rh7 46. Kg3 Rb1 47. Rf5 Rg1+ 48. Kf4 Rf1 49. Rb5+ Kc6 50. f3 Rxh3 51. Rg3 Rh4+ 52. Rg4 Rh3 53. Rg6+ Kc7 54. Rg3 Rh4+ 55. Ke5 Rxa4 56. f4 Kc6 57. Rd5 Re1 58. Rg6+ Kc7 59. Rd3 Rb4 60. f5 Rb5+ 61. Ke4 Rf1 62. Rg7+ Kc6 63. Rg6+ Kc7 64. f6 Rh5 65. Rc3+ Kd6 66. Rb3 Rh4+ 67. Kd3 Ke6 68. Rb6+ Kf5 69. Rg7 Rh8 70. Re7 Rd8+ 71. Ke2 Rc1 72. f7 Rcc8 73. Ra7 Rf8 74. Rxa5+ Kg4 75. Rb4+ Kg3 76. Rg5+ Kh3 77. Rh5+ Kg3 78. Rg5+ Kh3 79. Rb6 Rh8 80. Rg7 Rc2+ 81. Kd3 Rcc8 82. Rbg6 Kh4 83. Rg8 Rd8+ 84. Ke2 Kh5 85. Rxh8+ Rxh8 86. Rg8 1-0


[Site "https://www.chess.com"]

[Event "Titled Tuesday Blitz May 25 2021"]
[White "Dobrov, Vladimir"]
[Black "Hebden, Mark L"]
[WhiteFideId "4136594"]
[BlackFideId "400084"]
[WhiteElo "2614"]
[BlackElo "2457"]
[Result "1-0"]
[Round "02"]
[TimeControl "180+1"]
[Date "2021.05.25"]
[WhiteClock "0:00:26"]
[BlackClock "0:00:03"]

1. d4 Nf6 2. c4 g6 3. g3 Bg7 4. Bg2 c5 5. Nf3 cxd4 6. Nxd4 O-O 7. Nc3 Nc6 8. O-O d6 9. e3 Bd7 10. Nde2 Qc8 11. b3 Bh3 12. Bb2 Bxg2 13. Kxg2 Rd8 14. Rc1 Qd7 15. Nf4 e6 16. Qe2 Qe7 17. Rfd1 Rac8 18. Ba3 a6 19. Rd2 Qc7 20. Bb2 Qa5 21. Qd1 Ne8 22. Ne4 Bxb2 23. Rxb2 b5 24. Rd2 bxc4 25. bxc4 Qe5 26. Qf3 Nf6 27. Nxf6+ Qxf6 28. Qe4 Qe5 29. Qd3 Qc5 30. h4 Ne5 31. Qe2 Nxc4 32. Rdc2 d5 33. e4 Qb5 34. h5 Nd6 35. exd5 Rxc2 36. Rxc2 exd5 37. Qe7 Qe8 38. Qf6 Ne4 39. Qd4 Ng5 40. Re2 Qf8 41. Nxd5 Ne6 42. Qe5 1-0


[Site "https://www.chess.com"]

[Event "Titled Tuesday Blitz May 25 2021"]
[White "Dong, Bao Nghia"]
[Black "Sorokin, Aleksey"]
[WhiteFideId "12400343"]
[BlackFideId "24176460"]
[WhiteElo "2409"]
[BlackElo "2476"]
[Result "0-1"]
[Round "02"]
[TimeControl "180+1"]
[Date "2021.05.25"]
[WhiteClock "0:00:19"]
[BlackClock "0:00:57"]

1. d4 Nf6 2. Bf4 d5 3. e3 e6 4. Bd3 c5 5. c3 Nc6 6. Nd2 h6 7. h3 Bd6 8. Ne2 O-O 9. O-O b6 10. Nf3 Bb7 11. Rc1 Qc7 12. c4 Bxf4 13. Nxf4 dxc4 14. Rxc4 Rad8 15. Qe2 cxd4 16. Nxd4 Rxd4 17. exd4 Qxf4 18. d5 Nd4 19. Qe3 Qxe3 20. fxe3 Nb5 21. dxe6 fxe6 22. a4 Nd6 23. Rc7 Rf7 24. Rfc1 Nfe8 25. Rxf7 Kxf7 26. b4 Ke7 27. a5 Kd7 28. g4 Nc7 29. Kf2 Nd5 30. b5 bxa5 31. Ra1 Nb4 32. Be2 Ne4+ 33. Kf1 Nd2+ 34. Kf2 Ne4+ 35. Kf1 Kc7 36. Rxa5 Kb6 37. Ra4 Nc2 38. Bd3 Nxe3+ 39. Ke2 Nc3+ 40. Kxe3 Nxa4 41. Kd4 Bd5 42. Ke5 Nc3 0-1


[Site "https://www.chess.com"]

[Event "Titled Tuesday Blitz May 25 2021"]
[White "Drygalov, Sergey"]
[Black "Maltsevskaya, Aleksandra"]
[WhiteFideId "24171743"]
[BlackFideId "24174041"]
[WhiteElo "2538"]
[BlackElo "2225"]
[Result "1-0"]
[Round "02"]
[TimeControl "180+1"]
[Date "2021.05.25"]
[WhiteClock "0:02:07"]
[BlackClock "0:01:29"]

1. e4 c6 2. d4 d5 3. exd5 cxd5 4. Bd3 Nc6 5. c3 Qc7 6. h3 Bd7 7. Nf3 e6 8. O-O f5 9. c4 Nf6 10. Nc3 dxc4 11. Bxc4 Nb4 12. Bb3 O-O-O 13. Bg5 Be7 14. Rc1 Kb8 15. Nd5 Qxc1 16. Qxc1 Nbxd5 17. Bxd5 Nxd5 18. Bxe7 Nxe7 19. Ne5 Rhf8 20. Qc5 Rfe8 21. Qd6+ Kc8 22. Nf7 1-0


[Site "https://www.chess.com"]

[Event "Titled Tuesday Blitz May 25 2021"]
[White "Egorov, Evgeny"]
[Black "Harutjunyan, Gevorg"]
[WhiteFideId "13700421"]
[BlackFideId "13300873"]
[WhiteElo "2422"]
[BlackElo "2498"]
[Result "1-0"]
[Round "02"]
[TimeControl "180+1"]
[Date "2021.05.25"]
[WhiteClock "0:00:07"]
[BlackClock "0:00:11"]

1. e4 c6 2. d4 d5 3. f3 e5 4. dxe5 Bc5 5. Nc3 Qb6 6. Na4 Qa5+ 7. c3 Bxg1 8. Rxg1 dxe4 9. Bf4 Ne7 10. b4 Qd5 11. Nc5 exf3 12. gxf3 O-O 13. Bd3 Nd7 14. Be4 Qxd1+ 15. Rxd1 Nxc5 16. bxc5 Ng6 17. Bg3 Be6 18. Kf2 f5 19. exf6 Rxf6 20. a4 Nf4 21. Bxf4 Rxf4 22. Ke3 Raf8 23. Rd4 Rh4 24. Rb1 Rxh2 25. Rxb7 g5 26. Bxc6 g4 27. fxg4 Rh3+ 28. Ke4 Bxg4 29. Bd5+ Kh8 30. c6 Bf3+ 31. Ke5 Rh5+ 32. Kd6 Rf6+ 33. Ke7 Kg7 34. Bxf3 Rxf3 35. Rg4+ Kh6 36. Rc4 Re5+ 37. Kd8 Rf8+ 38. Kd7 Rg5 39. c7 Rg7+ 40. Ke6 Re8+ 41. Kd6 Rc8 42. Rxa7 Rg6+ 43. Kd7 Rgg8 44. Rc6+ Kg7 45. Ra5 Kh8 46. Rac5 h5 47. Re6 h4 48. Rh5+ Kg7 49. Rg5+ Kf7 50. Re7+ Kf6 51. Rh5 h3 52. Rxh3 Rxc7+ 53. Kxc7 Kxe7 54. Re3+ Kf6 55. c4 Ra8 56. c5 Rxa4 57. c6 Rc4 58. Kd7 Rd4+ 59. Kc8 Kf7 60. c7 Rc4 61. Kd7 Rd4+ 62. Kc6 Rc4+ 63. Kd6 Rc2 64. Re5 Rd2+ 65. Rd5 Rc2 66. Rc5 Rxc5 1-0


[Site "https://www.chess.com"]

[Event "Titled Tuesday Blitz May 25 2021"]
[White "Eynullayev, Atilla"]
[Black "Sadovsky, Artem"]
[WhiteFideId "13413570"]
[BlackFideId "4155840"]
[WhiteElo "1997"]
[BlackElo "2476"]
[Result "1-0"]
[Round "02"]
[TimeControl "180+1"]
[Date "2021.05.25"]
[WhiteClock "0:00:18"]
[BlackClock "0:00:03"]

1. e4 g6 2. d4 Bg7 3. Nc3 c6 4. Be3 d5 5. f3 dxe4 6. fxe4 Nf6 7. Nf3 O-O 8. Be2 Ng4 9. Bf4 e5 10. dxe5 Qb6 11. Qd4 Qxd4 12. Nxd4 Nxe5 13. O-O-O Nbd7 14. Kb1 Nc5 15. h3 a5 16. Nf3 Nxf3 17. gxf3 Re8 18. Bd6 Ne6 19. f4 Nd4 20. Bd3 b5 21. e5 Bf5 22. Bxf5 Nxf5 23. Bc7 Re7 24. Bd8 Re8 25. Bc7 Bh6 26. Ne4 Re7 27. Bd8 Rea7 28. Bg5 Bg7 29. Nf6+ Kh8 30. Nd7 Ne3 31. Rd3 Nd5 32. Rxd5 cxd5 33. Nb6 Re8 34. Nxd5 Rd7 35. Nf6 Bxf6 36. Bxf6+ Kg8 37. Kc1 Rd4 38. f5 Rf4 39. fxg6 fxg6 40. Rd1 Kf7 41. b3 Ke6 42. Rd6+ Kf5 43. Rd5 Re6 44. Rxb5 a4 45. c4 axb3 46. axb3 Rf3 47. Kc2 Rxh3 48. c5 g5 49. Rb6 g4 50. Rb8 g3 51. Rg8 Rh2+ 52. Kc3 h5 53. b4 h4 54. b5 g2 55. c6 Rh3+ 56. Kb4 Rg3 57. Rxg3 hxg3 58. c7 Re8 59. Bd8 g1=Q 60. c8=Q+ Kf4 61. Qc4+ Kf3 62. Qd5+ Kf4 63. Qf7+ Ke3 64. Qxe8 Qb1+ 65. Kc5 Qc2+ 66. Kb6 g2 67. Bg5+ Ke4 68. Qg6+ Kd5 69. Qxc2 g1=Q+ 70. Ka6 Qxg5 71. Qc6+ Kd4 72. e6 Qe7 73. Qd7+ Qd6+ 74. Qxd6+ Kc4 75. e7 Kb3 76. e8=Q Ka4 77. Qe4+ Kb3 78. Qdb4+ Ka2 79. Qe2+ 1-0


[Site "https://www.chess.com"]

[Event "Titled Tuesday Blitz May 25 2021"]
[White "Ezat, Mohamed"]
[Black "Sanal, Vahap"]
[WhiteFideId "10600906"]
[BlackFideId "6300545"]
[WhiteElo "2417"]
[BlackElo "2507"]
[Result "0-1"]
[Round "02"]
[TimeControl "180+1"]
[Date "2021.05.25"]
[WhiteClock "0:00:30"]
[BlackClock "0:01:25"]

1. d4 d6 2. c4 e5 3. Nf3 e4 4. Ng5 f5 5. h4 Nf6 6. Nh3 d5 7. Bg5 dxc4 8. Nf4 Bd6 9. e3 b5 10. a4 c6 11. axb5 cxb5 12. b3 Bb4+ 13. Ke2 c3 14. Bxf6 Qxf6 15. Nd5 Qd6 16. Nxb4 Qxb4 17. Qc2 O-O 18. Qxc3 Qe7 19. Qc5 Qf7 20. Nc3 Be6 21. d5 Bd7 22. Ke1 Rc8 23. Qd4 b4 24. Qxb4 Qf6 25. Rc1 Na6 26. Bxa6 Qxa6 27. Qd4 Rab8 28. Rh3 Rxb3 29. Rg3 g6 30. h5 Rbxc3 31. Qxc3 Rxc3 32. Rxc3 Qa1+ 33. Kd2 Qb2+ 34. Rc2 Qb4+ 35. Kc1 Qa3+ 36. Kd2 Qa5+ 37. Kc1 Kg7 38. hxg6 hxg6 39. d6 Qa3+ 40. Kd2 Qxd6+ 41. Ke1 Qb4+ 0-1


[Site "https://www.chess.com"]

[Event "Titled Tuesday Blitz May 25 2021"]
[White "Fayzullaev, Akmal"]
[Black "Yuan, Qingyu"]
[WhiteFideId "14200554"]
[BlackFideId "8609772"]
[WhiteElo "2264"]
[BlackElo "2359"]
[Result "0-1"]
[Round "02"]
[TimeControl "180+1"]
[Date "2021.05.25"]
[WhiteClock "0:01:20"]
[BlackClock "0:00:56"]

1. d4 Nf6 2. c4 g6 3. Nc3 d5 4. Nf3 Bg7 5. Bg5 Ne4 6. cxd5 Nxg5 7. Nxg5 e6 8. Qd2 h6 9. Nf3 exd5 10. h4 c6 11. h5 g5 12. e3 Nd7 13. Bd3 Qe7 14. O-O-O Nf6 15. Ne5 Ng4 16. f4 Nxe5 17. fxe5 Bg4 18. Rdf1 O-O-O 19. Qf2 Be6 20. Bf5 Rhf8 21. e4 f6 22. exd5 cxd5 23. exf6 Rxf6 24. Qe2 Qd7 25. Bxe6 Rxe6 26. Qd3 Rde8 27. Kb1 Kb8 28. Rf5 Re3 29. Re1 Rxe1+ 30. Kc2 R1e3 31. Qd1 Qxf5+ 0-1


[Site "https://www.chess.com"]

[Event "Titled Tuesday Blitz May 25 2021"]
[White "Filali, Razzouki Marouane"]
[Black "Chasin, Nico"]
[WhiteFideId "9003720"]
[BlackFideId "30908477"]
[WhiteElo "2073"]
[BlackElo "2135"]
[Result "1-0"]
[Round "02"]
[TimeControl "180+1"]
[Date "2021.05.25"]
[WhiteClock "0:00:24"]
[BlackClock "0:00:15"]

1. e4 c5 2. Nf3 e6 3. b4 cxb4 4. d4 d5 5. e5 Nc6 6. a3 bxa3 7. Bd3 a6 8. c3 f5 9. exf6 Nxf6 10. O-O Bd6 11. Re1 O-O 12. Ne5 Bd7 13. Bxa3 Bxa3 14. Nxa3 Nxe5 15. dxe5 Ne4 16. Bxe4 dxe4 17. Qd6 Bc6 18. Qxe6+ Kh8 19. Rad1 Qb6 20. Re3 Qb2 21. Rf1 Qxa3 22. Rh3 Qc5 23. Qg6 h6 24. Rxh6+ 1-0


[Site "https://www.chess.com"]

[Event "Titled Tuesday Blitz May 25 2021"]
[White "Garcia Ramos, Daniel"]
[Black "Holt, Conrad"]
[WhiteFideId "32010311"]
[BlackFideId "2034387"]
[WhiteElo "2334"]
[BlackElo "2586"]
[Result "1-0"]
[Round "02"]
[TimeControl "180+1"]
[Date "2021.05.25"]
[WhiteClock "0:00:01"]
[BlackClock "0:00:02"]

1. c4 c6 2. Nf3 d5 3. g3 Bg4 4. Bg2 Nd7 5. O-O e6 6. d4 Ngf6 7. Nc3 dxc4 8. a4 a5 9. Qc2 Be7 10. e4 O-O 11. h3 Bxf3 12. Bxf3 e5 13. d5 Nc5 14. Be3 Qb6 15. Rfc1 Qa6 16. Rd1 Nb3 17. Rab1 Rfd8 18. Be2 cxd5 19. exd5 Nd4 20. Bxd4 exd4 21. Rxd4 Bc5 22. Bxc4 Qd6 23. Rf4 Rac8 24. Nb5 Qe5 25. Kg2 Nxd5 26. Rf5 Qe6 27. Rd1 Bf8 28. Nd4 Qd7 29. Qe2 1-0


[Site "https://www.chess.com"]

[Event "Titled Tuesday Blitz May 25 2021"]
[White "Gelman, Alexander"]
[Black "Sadhwani, Raunak"]
[WhiteFideId "4118316"]
[BlackFideId "35093487"]
[WhiteElo "2375"]
[BlackElo "2514"]
[Result "0-1"]
[Round "02"]
[TimeControl "180+1"]
[Date "2021.05.25"]
[WhiteClock "0:00:01"]
[BlackClock "0:00:59"]

1. d4 Nf6 2. Nc3 e6 3. e4 d5 4. e5 Ne4 5. Nce2 f6 6. f3 Ng5 7. Bxg5 fxg5 8. Qd2 c5 9. c3 Nc6 10. h4 gxh4 11. f4 Be7 12. Nf3 Bd7 13. dxc5 Bxc5 14. Ned4 Qb6 15. Rxh4 Nxd4 16. Nxd4 O-O-O 17. a4 a6 18. b4 Be7 19. Rh3 g5 20. a5 Qc7 21. b5 gxf4 22. bxa6 Qxe5+ 23. Kd1 bxa6 24. Bxa6+ Kc7 25. Rb1 Rb8 26. Rxb8 Rxb8 27. Rxh7 Ba4+ 28. Kc1 Kd8 29. Nc2 Bxc2 30. Kxc2 Qe4+ 31. Qd3 Qa4+ 32. Kd2 Qa2+ 0-1


[Site "https://www.chess.com"]

[Event "Titled Tuesday Blitz May 25 2021"]
[White "Ghimpu, Samuel-Timotei"]
[Black "Sumaneev, Dmitry"]
[WhiteFideId "1238175"]
[BlackFideId "4125312"]
[WhiteElo "2026"]
[BlackElo "2522"]
[Result "1-0"]
[Round "02"]
[TimeControl "180+1"]
[Date "2021.05.25"]
[WhiteClock "0:00:52"]
[BlackClock "0:00:22"]

1. b3 e5 2. Bb2 d6 3. c4 Nf6 4. g3 g6 5. Bg2 Bg7 6. Nf3 O-O 7. O-O c6 8. d3 Re8 9. Nbd2 a5 10. Qc2 Na6 11. a3 Bf5 12. Rfe1 Qc7 13. Rad1 Rad8 14. h3 Nc5 15. b4 axb4 16. axb4 Na6 17. Bc3 e4 18. Nd4 exd3 19. exd3 Bc8 20. b5 Nb8 21. Qb2 Rxe1+ 22. Rxe1 Re8 23. Ra1 c5 24. b6 Qd8 25. Nb5 Nc6 26. Ra8 Qe7 27. Kh2 Bf5 28. Bxf6 Bxf6 29. Rxe8+ Qxe8 30. Qxf6 Bxd3 31. Nxd6 Qd7 32. Bxc6 1-0


[Site "https://www.chess.com"]

[Event "Titled Tuesday Blitz May 25 2021"]
[White "Goltsev, Dmitry"]
[Black "Barp, Alberto"]
[WhiteFideId "24176710"]
[BlackFideId "872555"]
[WhiteElo "2366"]
[BlackElo "2229"]
[Result "1-0"]
[Round "02"]
[TimeControl "180+1"]
[Date "2021.05.25"]
[WhiteClock "0:00:54"]
[BlackClock "0:00:04"]

1. e4 c6 2. d4 d5 3. Nc3 dxe4 4. Nxe4 Bf5 5. Ng3 Bg6 6. Nf3 Nd7 7. Bd3 Ngf6 8. h4 e6 9. c3 Bd6 10. Ne2 Qc7 11. Bg5 O-O-O 12. Bxg6 hxg6 13. Qd3 e5 14. dxe5 Nxe5 15. Nxe5 Bxe5 16. Qh3+ Kb8 17. O-O Qd7 18. Qxd7 Rxd7 19. Rfd1 Rhd8 20. Rxd7 Rxd7 21. f3 Bc7 22. Kf1 Nh5 23. Re1 f6 24. Be3 Ng3+ 25. Nxg3 Bxg3 26. Bf2 Bxf2 27. Kxf2 Rd2+ 28. Re2 Rxe2+ 29. Kxe2 Kc7 30. Kd3 Kd6 31. Kd4 c5+ 32. Ke4 Ke6 33. g4 b6 34. Kf4 Ke7 35. h5 Kf7 36. a4 a6 37. Ke4 gxh5 38. gxh5 Ke6 39. Kf4 b5 40. a5 c4 41. Ke4 f5+ 42. Kd4 Kf6 43. f4 Ke6 44. Kc5 1-0


[Site "https://www.chess.com"]

[Event "Titled Tuesday Blitz May 25 2021"]
[White "Goryachkina, Aleksandra"]
[Black "Davtyan, David Arm."]
[WhiteFideId "4147103"]
[BlackFideId "13310046"]
[WhiteElo "2441"]
[BlackElo "2028"]
[Result "0-1"]
[Round "02"]
[TimeControl "180+1"]
[Date "2021.05.25"]
[WhiteClock "0:00:02"]
[BlackClock "0:00:04"]

1. e4 c5 2. Nf3 Nc6 3. c3 Nf6 4. e5 Nd5 5. Bc4 e6 6. d4 cxd4 7. cxd4 d6 8. O-O Be7 9. Bd2 O-O 10. Nc3 dxe5 11. dxe5 Nxc3 12. Bxc3 b6 13. Qe2 Bb7 14. Rfd1 Qc7 15. Rac1 Rad8 16. Bd3 g6 17. Qe3 Rfe8 18. h4 h5 19. Ng5 Bxg5 20. Qxg5 Qe7 21. Qg3 Nd4 22. Bxd4 Rxd4 23. Be2 Rxh4 24. Rd6 Bd5 25. Rd1 Rb4 26. R1xd5 exd5 27. e6 Re4 28. exf7+ Qxf7 29. Rxg6+ Kf8 30. Bf3 R4e5 31. Rh6 R8e6 32. Rh8+ Ke7 33. Ra8 Kf6 34. Qf4+ Kg7 35. Qxf7+ Kxf7 36. Rxa7+ Kf6 37. Ra8 Rd6 38. Rf8+ Ke7 39. Rh8 d4 40. Bxh5 d3 41. f4 Re1+ 42. Kf2 d2 43. Re8+ Kf6 44. Rxe1 dxe1=B+ 45. Kxe1 Kf5 46. Bf3 Kxf4 47. Ke2 Rd4 48. a3 Rd6 49. Bb7 Rd7 50. Bf3 Rd8 51. a4 Rd4 52. b3 Ke5 53. Bc6 Rb4 54. Bb5 Rxb3 55. Kf2 Kf4 56. Ke2 Rb2+ 57. Kd3 Rxg2 58. Kc4 Rc2+ 59. Kb4 Rb2+ 60. Kc3 Ra2 61. Kd4 Rd2+ 62. Kc4 Ke3 63. Kc3 Rd8 64. Kc4 Ra8 65. Kb4 Ra5 66. Kc4 Ke4 67. Kb4 Kd4 68. Kb3 Kc5 69. Kc3 Ra8 70. Kb3 Rf8 71. Kc3 Rf3+ 72. Kc2 Kb4 73. Kb2 Rf2+ 74. Kc1 Kc3 75. Kd1 Rb2 76. Kc1 Rb4 77. Bd7 Kb3 78. Bc6 Rc4+ 0-1


[Site "https://www.chess.com"]

[Event "Titled Tuesday Blitz May 25 2021"]
[White "Hasangatin, Ramil"]
[Black "Maly, Alexey"]
[WhiteFideId "4122160"]
[BlackFideId "14103184"]
[WhiteElo "2375"]
[BlackElo "2314"]
[Result "0-1"]
[Round "02"]
[TimeControl "180+1"]
[Date "2021.05.25"]
[WhiteClock "0:00:29"]
[BlackClock "0:01:03"]

1. e4 c6 2. Nf3 d5 3. d3 Bg4 4. h3 Bxf3 5. Qxf3 dxe4 6. dxe4 e5 7. Bc4 Nf6 8. a4 Bc5 9. O-O O-O 10. Bg5 Nbd7 11. Nd2 a5 12. Nb3 Ba7 13. Rad1 Qc7 14. Rd2 Rab8 15. Ra1 b5 16. Bf1 Bb6 17. g3 h6 18. Bxf6 Nxf6 19. Kg2 Nd7 20. axb5 cxb5 21. Bxb5 Nc5 22. Bc4 Nxb3 23. Bxb3 Bd4 24. c3 Rxb3 25. Qd1 Bxc3 26. bxc3 Rxc3 27. Rd5 Rc5 28. Rxc5 Qxc5 29. Qd5 Qxd5 30. exd5 Ra8 31. Kf3 f5 32. g4 g6 33. gxf5 gxf5 34. Ke3 Kf7 35. Kd3 Ke7 36. Rg1 a4 37. Kc2 a3 38. Kb1 a2+ 39. Ka1 Kd6 40. Rg6+ Kxd5 41. Rxh6 e4 42. Rh7 f4 43. Re7 Rh8 44. Kxa2 Rxh3 45. Rd7+ Ke5 46. Re7+ Kf5 47. Rf7+ Kg4 48. Kb1 Kf3 49. Kc1 Rh2 50. Kd1 Rxf2 51. Ke1 e3 0-1


[Site "https://www.chess.com"]

[Event "Titled Tuesday Blitz May 25 2021"]
[White "Henderson de La Fuente, Lance"]
[Black "De Waele, Warre"]
[WhiteFideId "32096585"]
[BlackFideId "241156"]
[WhiteElo "2280"]
[BlackElo "2183"]
[Result "1-0"]
[Round "02"]
[TimeControl "180+1"]
[Date "2021.05.25"]
[WhiteClock "0:01:13"]
[BlackClock "0:00:20"]

1. e4 e5 2. Nc3 Nf6 3. Nf3 Nc6 4. Bb5 Nd4 5. Bc4 Bc5 6. d3 d6 7. Nxd4 Bxd4 8. Ne2 Bb6 9. Ng3 O-O 10. O-O Re8 11. Bb3 Be6 12. Be3 c6 13. h3 d5 14. Qf3 h6 15. Nf5 Bxf5 16. Qxf5 Bxe3 17. fxe3 dxe4 18. dxe4 Qe7 19. Rf3 Rad8 20. Raf1 Kh8 21. g4 Rd2 22. g5 hxg5 23. Qxg5 Red8 24. Rg3 Qf8 25. Rxf6 gxf6 26. Qh5+ 1-0


[Site "https://www.chess.com"]

[Event "Titled Tuesday Blitz May 25 2021"]
[White "Herrera Reyes, Jose Antonio"]
[Black "Zhigalko, Sergei"]
[WhiteFideId "2274914"]
[BlackFideId "13502956"]
[WhiteElo "2370"]
[BlackElo "2662"]
[Result "0-1"]
[Round "02"]
[TimeControl "180+1"]
[Date "2021.05.25"]
[WhiteClock "0:01:01"]
[BlackClock "0:00:38"]

1. Nf3 d5 2. g3 c6 3. Bg2 Bg4 4. d3 e6 5. c3 Bd6 6. O-O Ne7 7. Qb3 Qb6 8. Be3 Qa6 9. a4 Nd7 10. Qa2 O-O 11. b4 b6 12. Nbd2 Rfc8 13. Nb3 c5 14. b5 Qb7 15. c4 Qc7 16. cxd5 exd5 17. Nbd2 h6 18. d4 Be6 19. Nb3 Nf5 20. Qd2 Nf6 21. Ne5 Ne4 22. Bxe4 dxe4 23. Rab1 Bxb3 24. Rxb3 cxd4 25. Bxd4 Nxd4 26. Qxd4 Bxe5 27. Qxe4 Qc4 28. Qxc4 Rxc4 29. a5 Bd4 30. Rd1 bxa5 31. e3 Bb6 32. Rd7 Rac8 33. Kg2 Rb4 34. Rbd3 Rxb5 35. Rb7 Rb2 36. Rdd7 Rf8 37. Kf3 a4 38. Rd3 Rb3 39. Rd2 a3 40. Ra2 Rd8 41. h4 h5 42. Re7 g6 43. Re4 Rdd3 44. Ra4 Bc5 45. Rc2 Rbc3 46. Ra2 Kg7 47. g4 hxg4+ 48. Kxg4 Rb3 49. Kf3 Rb2 50. Ra1 Rdd2 51. R1xa3 Rxf2+ 52. Ke4 Bxa3 53. Rxa3 Rb4+ 54. Kd3 Rxh4 55. Rxa7 Rf6 56. e4 Rd6+ 57. Ke3 Re6 58. Ra4 f5 59. Ra8 Rexe4+ 60. Kf3 Ra4 61. Kg3 Rhg4+ 62. Kf3 Rxa8 0-1


[Site "https://www.chess.com"]

[Event "Titled Tuesday Blitz May 25 2021"]
[White "Hess, Robert"]
[Black "Garcia Garcia, Alejandro"]
[WhiteFideId "2022036"]
[BlackFideId "3516334"]
[WhiteElo "2557"]
[BlackElo "2131"]
[Result "1-0"]
[Round "02"]
[TimeControl "180+1"]
[Date "2021.05.25"]
[WhiteClock "0:00:03"]
[BlackClock "0:00:01"]

1. b3 Nf6 2. Bb2 g6 3. Bxf6 exf6 4. c4 Bg7 5. Nc3 f5 6. g3 d6 7. Bg2 Nd7 8. Nh3 Nf6 9. O-O O-O 10. Rc1 Ne4 11. Nf4 Nxc3 12. dxc3 Rb8 13. Rc2 b5 14. cxb5 Rxb5 15. c4 Re5 16. Qd2 Bh6 17. e3 Rfe8 18. Rd1 Bxf4 19. gxf4 R5e6 20. Qa5 a6 21. c5 Qe7 22. cxd6 Rxd6 23. Rxd6 cxd6 24. Qc7 Qf6 25. Bc6 Rf8 26. Rd2 Qa1+ 27. Kg2 Be6 28. Qxd6 Rc8 29. Bb7 Re8 30. Bxa6 Qb1 31. Bb5 Qe4+ 32. f3 Qxe3 33. Bxe8 Bc8 34. Bxf7+ Kxf7 35. Qc7+ Kf6 36. Rd6+ 1-0


[Site "https://www.chess.com"]

[Event "Titled Tuesday Blitz May 25 2021"]
[White "Ibadov, Dashgyn"]
[Black "Fernandez, Daniel Howard"]
[WhiteFideId "24107514"]
[BlackFideId "5801605"]
[WhiteElo "2191"]
[BlackElo "2468"]
[Result "0-1"]
[Round "02"]
[TimeControl "180+1"]
[Date "2021.05.25"]
[WhiteClock "0:01:48"]
[BlackClock "0:01:31"]

1. e4 e5 2. Nf3 Nc6 3. d4 exd4 4. Nxd4 Nf6 5. Nxc6 bxc6 6. e5 Nd5 7. c4 Nb6 8. Bd3 d6 9. exd6 Bxd6 10. O-O O-O 11. Nc3 Nd7 12. Qc2 h6 13. b3 Ne5 14. Be4 f5 15. c5 fxe4 16. cxd6 Ba6 17. dxc7 Qxc7 18. Rd1 Bd3 19. Qb2 Ng4 20. g3 Rxf2 21. Qxf2 Nxf2 22. Kxf2 Qe5 23. Bb2 Rf8+ 24. Kg2 Qf5 25. Rd2 Qf3+ 26. Kh3 Rf5 0-1


[Site "https://www.chess.com"]

[Event "Titled Tuesday Blitz May 25 2021"]
[White "Ibrahimli, Murad"]
[Black "Poormosavi, Seyed Kian"]
[WhiteFideId "13410229"]
[BlackFideId "12585807"]
[WhiteElo "2109"]
[BlackElo "2134"]
[Result "1-0"]
[Round "02"]
[TimeControl "180+1"]
[Date "2021.05.25"]
[WhiteClock "0:00:42"]
[BlackClock "0:00:34"]

1. d4 Nf6 2. c4 b6 3. Nf3 Bb7 4. Bf4 e6 5. e3 Bb4+ 6. Nfd2 O-O 7. a3 Be7 8. Nc3 c5 9. dxc5 bxc5 10. Nf3 d5 11. cxd5 exd5 12. Be2 Qb6 13. O-O Rd8 14. Na4 Qe6 15. Rc1 Na6 16. b4 d4 17. Bc4 Qg4 18. h3 Qh5 19. Ne5 Qxd1 20. Rfxd1 cxb4 21. Nxf7 Rf8 22. Nd6+ Bd5 23. Bxa6 dxe3 24. fxe3 bxa3 25. Rxd5 Nxd5 26. Bc4 Rad8 27. Bxd5+ Kh8 28. Nf7+ 1-0


[Site "https://www.chess.com"]

[Event "Titled Tuesday Blitz May 25 2021"]
[White "Indjic, Aleksandar"]
[Black "Maksimenko, Viktor"]
[WhiteFideId "911925"]
[BlackFideId "13710478"]
[WhiteElo "2643"]
[BlackElo "2269"]
[Result "1-0"]
[Round "02"]
[TimeControl "180+1"]
[Date "2021.05.25"]
[WhiteClock "0:01:27"]
[BlackClock "0:00:03"]

1. d4 Nf6 2. c4 e6 3. Nf3 d5 4. Nc3 Bb4 5. Bg5 h6 6. Bxf6 Qxf6 7. Rc1 O-O 8. e3 Nc6 9. Qb3 dxc4 10. Bxc4 Bd6 11. Be2 Qg6 12. g3 e5 13. d5 Ne7 14. Nb5 Qe4 15. O-O Qxd5 16. Qxd5 Nxd5 17. Rfd1 Nb4 18. Nxc7 Bxc7 19. Rxc7 Bg4 20. h3 Bxf3 21. Bxf3 Nxa2 22. Rxb7 Rab8 23. Rdd7 Nc1 24. Kg2 a5 25. Rxf7 Rxf7 26. Rxb8+ Kh7 27. Be4+ g6 28. g4 Kg7 29. h4 g5 30. hxg5 hxg5 31. Rb5 Kf6 32. Rxa5 1-0


[Site "https://www.chess.com"]

[Event "Titled Tuesday Blitz May 25 2021"]
[White "Isajevsky, Anton"]
[Black "Asis Gargatagli, Hipolito"]
[WhiteFideId "4142500"]
[BlackFideId "2260735"]
[WhiteElo "2510"]
[BlackElo "2557"]
[Result "1/2-1/2"]
[Round "02"]
[TimeControl "180+1"]
[Date "2021.05.25"]
[WhiteClock "0:00:05"]
[BlackClock "0:00:11"]

1. c4 e6 2. Nf3 d5 3. e3 Nf6 4. Nc3 c6 5. Qc2 Bd6 6. b3 O-O 7. Bb2 e5 8. cxd5 cxd5 9. Nb5 Nc6 10. Nxd6 Qxd6 11. Bb5 Nb4 12. Qc1 Bf5 13. Bxe5 Qb6 14. Nd4 Bd3 15. Bc7 Qxd4 16. exd4 Bxb5 17. Qc3 Nd3+ 18. Kf1 Nf4+ 19. Ke1 Nd3+ 20. Kf1 Rac8 21. Qa5 Ba6 22. Kg1 Rfe8 23. b4 Bc4 24. h3 b6 25. Qxa7 Re7 26. Qxb6 Rexc7 27. a4 Ne4 28. a5 Rc6 29. Qb7 Ba6 30. Qd7 Ndxf2 31. Kh2 Nxh1 32. Rxh1 Bc4 33. Rb1 Nd6 34. b5 Bxb5 35. Qe7 h6 36. Qe5 Bc4 37. Rb6 Rxb6 38. axb6 Nb7 39. d3 Ba6 40. Qxd5 Rc3 41. Qd7 Rb3 42. Qc7 g6 43. d5 Rxd3 44. Qb8+ Kg7 45. Qe5+ Kh7 46. Qe7 Kg8 47. Qe8+ Kg7 48. Qe5+ Kf8 49. Qb8+ Kg7 50. Qe5+ 1/2-1/2


[Site "https://www.chess.com"]